| TOP OF THE 1ST |
|
New Orleans Brass batting - Pitching for Portland Stag : RHP Bill C. Swift
|
|
Pitching: RHP Bill C. Swift
|
|
|
Batting: SHB Cecil Espy
|
0-0: SINGLE (Line Drive, 7S, EV 87.5 MPH)
|
|
Batting: SHB Ruben Sierra
|
0-0: Foul Ball, location: 2F 0-1: SINGLE (Line Drive, 7LS, EV 97.5 MPH) Cecil Espy to second
|
|
Batting: RHB Scott Brosius
|
0-0: Called Strike 0-1: Swinging Strike 0-2: Strikes out swinging
|
|
Batting: SHB Jose L Cruz
|
0-0: DOUBLE (Flyball, 8LXD, EV 89.4 MPH) Cecil Espy scores Ruben Sierra to third
|
|
Batting: RHB Carmelo Martinez
|
0-0: Ball 1-0: Foul Ball, location: 2F 1-1: Foul Ball, location: 2F 1-2: SINGLE (Groundball, 6D, EV 95.6 MPH) Ruben Sierra scores Jose L Cruz to third Runner from 3rd tries for Home, SAFE, throw by LF to home Carmelo Martinez to second
|
|
Batting: SHB Jose Vidro
|
0-0: Fly out, F9 (Flyball, 9LS, EV 95.0 MPH)
|
|
Batting: LHB Greg Myers
|
0-0: Ball 1-0: Foul Ball, location: 2F 1-1: Fly out, F6 (Popup, P, EV 78.8 MPH)
|
| Top of the 1st over - 3 runs, 4 hits, 0 errors, 1 left on base; New Orleans 3 - Portland 0 |
| BOTTOM OF THE 1ST |
|
Portland Stag batting - Pitching for New Orleans Brass : RHP Brian Holman
|
|
Pitching: RHP Brian Holman
|
|
|
Batting: SHB Jose Vizcaino
|
0-0: Ball 1-0: Called Strike 1-1: Ball 2-1: Foul Ball, location: 2F 2-2: Strikes out swinging
|
|
Batting: RHB Fernando Tatis
|
0-0: Called Strike 0-1: Ball 1-1: Ball 2-1: Fly out, F9 (Line Drive, 9, EV 100.6 MPH)
|
|
Batting: RHB Jeff Kunkel
|
0-0: Foul Ball, location: 2F 0-1: Ball 1-1: Ball 2-1: Ball 3-1: Called Strike 3-2: Ground out 5-3 (Groundball, 5S, EV 87.5 MPH)
|
| Bottom of the 1st over - 0 runs, 0 hits, 0 errors, 0 left on base; New Orleans 3 - Portland 0 |
| TOP OF THE 2ND |
|
New Orleans Brass batting - Pitching for Portland Stag : RHP Bill C. Swift
|
|
Batting: SHB Wilson Delgado
|
0-0: Foul Ball, location: 2F 0-1: DOUBLE (Flyball, 8RD, EV 105.0 MPH)
|
|
Batting: RHB Luis Ordaz
|
0-0: Fly out, F8 (Line Drive, 8LM, EV 91.3 MPH)
|
|
Batting: SHB Cecil Espy
|
0-0: Ball 1-0: Foul Ball, location: 2F 1-1: Called Strike 1-2: Ball 2-2: Ball 3-2: Ground out 3-1 (Groundball, 34, EV 100.6 MPH) Wilson Delgado to third
|
|
Batting: SHB Ruben Sierra
|
0-0: Ball 1-0: Called Strike 1-1: Ball 2-1: Ball 3-1: Called Strike 3-2: SINGLE (Line Drive, 7S, EV 108.8 MPH) Wilson Delgado scores
|
|
Batting: RHB Scott Brosius
|
0-0: Ball 1-0: Fielders Choice at 2nd, 6-4 (Groundball, 6, EV 106.9 MPH)
|
| Top of the 2nd over - 1 run, 2 hits, 0 errors, 1 left on base; New Orleans 4 - Portland 0 |
| BOTTOM OF THE 2ND |
|
Portland Stag batting - Pitching for New Orleans Brass : RHP Brian Holman
|
|
Batting: LHB Mark P Johnson
|
0-0: Ball 1-0: Swinging Strike 1-1: SOLO HOME RUN (Flyball, 78XD, EV 92.5 MPH), Distance : 414 ft
|
|
Batting: RHB Wes Chamberlain
|
0-0: Ball 1-0: Ground out 5-3 (Groundball, 5, EV 78.1 MPH)
|
|
Batting: RHB Chris Widger
|
0-0: Called Strike 0-1: Ball 1-1: Swinging Strike 1-2: Strikes out swinging
|
|
Batting: RHB Alex S Gonzalez
|
0-0: Ball 1-0: Ball 2-0: Ball 3-0: Base on Balls
|
|
Batting: RHB Josh Booty
|
0-0: Ball 1-0: Called Strike 1-1: Foul Ball, location: 2F 1-2: Foul Ball, location: 2F 1-2: Strikes out swinging
|
| Bottom of the 2nd over - 1 run, 1 hit, 0 errors, 1 left on base; New Orleans 4 - Portland 1 |
| TOP OF THE 3RD |
|
New Orleans Brass batting - Pitching for Portland Stag : RHP Bill C. Swift
|
|
Batting: SHB Jose L Cruz
|
0-0: Swinging Strike 0-1: Ball 1-1: Foul Ball, location: 2F 1-2: SINGLE (Line Drive, 78S, EV 108.8 MPH)
|
|
Batting: RHB Carmelo Martinez
|
0-0: Ball 1-0: Called Strike 1-1: SINGLE (Flyball, 89M, EV 93.8 MPH) Jose L Cruz to second
|
|
Batting: SHB Jose Vidro
|
0-0: Ball 1-0: Swinging Strike 1-1: Ball 2-1: SINGLE (Groundball, 34D, EV 98.8 MPH) Jose L Cruz to third Carmelo Martinez to second
|
|
Batting: LHB Greg Myers
|
0-0: Ball 1-0: Ball 2-0: Called Strike 2-1: Foul Ball, location: 2F 2-2: Foul Ball, location: 2F 2-2: Strikes out looking
|
|
Batting: SHB Wilson Delgado
|
0-0: Called Strike 0-1: Ball 1-1: Fly out, F8 (Flyball, 8LXD, EV 88.8 MPH) Runner from 3rd tags up, SCORES, no throw by CF
|
|
Batting: RHB Luis Ordaz
|
0-0: Ground out 3-1 (Groundball, 34, EV 86.9 MPH)
|
| Top of the 3rd over - 1 run, 3 hits, 0 errors, 2 left on base; New Orleans 5 - Portland 1 |
| BOTTOM OF THE 3RD |
|
Portland Stag batting - Pitching for New Orleans Brass : RHP Brian Holman
|
|
Batting: LHB Yoshinobu Takahashi
|
0-0: Called Strike 0-1: Ball 1-1: Fly out, F8 (Flyball, 8RD, EV 86.3 MPH)
|
|
Batting: SHB Jose Vizcaino
|
0-0: Ball 1-0: SINGLE (Groundball, 4MD, EV 106.9 MPH)
|
|
Batting: RHB Fernando Tatis
|
0-0: Foul Ball, location: 2F 0-1: Fly out, F7 (Flyball, 7S, EV 88.8 MPH)
|
|
Batting: RHB Jeff Kunkel
|
0-0: Fly out, F8 (Line Drive, 8RD, EV 92.5 MPH)
|
| Bottom of the 3rd over - 0 runs, 1 hit, 0 errors, 1 left on base; New Orleans 5 - Portland 1 |
| TOP OF THE 4TH |
|
New Orleans Brass batting - Pitching for Portland Stag : RHP Bill C. Swift
|
|
Batting: SHB Cecil Espy
|
0-0: Ball 1-0: Called Strike 1-1: Ground out 4-3 (Groundball, 4, EV 80.6 MPH)
|
|
Batting: SHB Ruben Sierra
|
0-0: Foul Ball, location: 2F 0-1: Swinging Strike 0-2: Fly out, F9 (Line Drive, 9, EV 92.5 MPH)
|
|
Batting: RHB Scott Brosius
|
0-0: Called Strike 0-1: Ball 1-1: Ball 2-1: Ball 3-1: Foul Ball, location: 2F 3-2: Strikes out swinging
|
| Top of the 4th over - 0 runs, 0 hits, 0 errors, 0 left on base; New Orleans 5 - Portland 1 |
| BOTTOM OF THE 4TH |
|
Portland Stag batting - Pitching for New Orleans Brass : RHP Brian Holman
|
|
Batting: LHB Mark P Johnson
|
0-0: Called Strike 0-1: Ball 1-1: Swinging Strike 1-2: Ground out 4-3 (Groundball, 4, EV 98.1 MPH)
|
|
Batting: RHB Wes Chamberlain
|
0-0: Swinging Strike 0-1: Foul Ball, location: 2F 0-2: Ball 1-2: Strikes out swinging
|
|
Batting: RHB Chris Widger
|
0-0: Called Strike 0-1: Fly out, F7 (Flyball, 7S, EV 90.6 MPH)
|
| Bottom of the 4th over - 0 runs, 0 hits, 0 errors, 0 left on base; New Orleans 5 - Portland 1 |
| TOP OF THE 5TH |
|
New Orleans Brass batting - Pitching for Portland Stag : RHP Bill C. Swift
|
|
Batting: SHB Jose L Cruz
|
0-0: Ball 1-0: Ground out 2-3 (Groundball, 15S, EV 66.9 MPH)
|
|
Batting: RHB Carmelo Martinez
|
0-0: Called Strike 0-1: Called Strike 0-2: Ball 1-2: Ball 2-2: Fly out, F8 (Flyball, 8RXD, EV 96.9 MPH)
|
|
Batting: SHB Jose Vidro
|
0-0: DOUBLE (Line Drive, 3D, EV 105.0 MPH)
|
|
Pitching: RHP Gary Haught
|
|
|
Batting: LHB Greg Myers
|
0-0: Called Strike 0-1: Ball 1-1: Ball 2-1: Foul Ball, location: 2F 2-2: Foul Ball, location: 2F 2-2: Ball 3-2: Base on Balls
|
|
Batting: SHB Wilson Delgado
|
0-0: Swinging Strike 0-1: Ball 1-1: Fielders Choice at 2nd, 5-4 (Groundball, 56, EV 106.9 MPH)
|
| Top of the 5th over - 0 runs, 1 hit, 0 errors, 2 left on base; New Orleans 5 - Portland 1 |
| BOTTOM OF THE 5TH |
|
Portland Stag batting - Pitching for New Orleans Brass : RHP Brian Holman
|
|
Batting: RHB Alex S Gonzalez
|
0-0: Called Strike 0-1: Ball 1-1: SINGLE (Flyball, 7LS, EV 93.1 MPH)
|
|
Batting: RHB Josh Booty
|
0-0: Ball 1-0: Fly out, F8 (Flyball, 8LD, EV 100.0 MPH)
|
|
Batting: LHB Yoshinobu Takahashi
|
0-0: Ball 1-0: Ball 2-0: Called Strike 2-1: SINGLE (Groundball, 56D, EV 110.6 MPH) Alex S Gonzalez to second
|
|
Batting: SHB Jose Vizcaino
|
0-0: Ball 1-0: Ball 2-0: Swinging Strike 2-1: Foul Ball, location: 2F 2-2: Ball 3-2: Strikes out swinging
|
|
Batting: RHB Fernando Tatis
|
0-0: Ball 1-0: Foul Ball, location: 2F 1-1: Called Strike 1-2: Ball 2-2: Foul Ball, location: 2F 2-2: Fielders Choice at 2nd, 5-4 (Groundball, 56, EV 93.1 MPH)
|
| Bottom of the 5th over - 0 runs, 2 hits, 0 errors, 2 left on base; New Orleans 5 - Portland 1 |
| TOP OF THE 6TH |
|
New Orleans Brass batting - Pitching for Portland Stag : RHP Gary Haught
|
|
Batting: RHB Luis Ordaz
|
0-0: Ball 1-0: Ball 2-0: Called Strike 2-1: Fly out, F7 (Flyball, 78S, EV 83.8 MPH)
|
|
Batting: SHB Cecil Espy
|
0-0: Called Strike 0-1: Fly out, F9 (Flyball, 9S, EV 93.8 MPH)
|
|
Batting: SHB Ruben Sierra
|
0-0: Ball 1-0: Called Strike 1-1: Called Strike 1-2: Foul Ball, location: 2F 1-2: Ball 2-2: Ball 3-2: Ground out 1-3 (Groundball, 13S, EV 62.5 MPH)
|
| Top of the 6th over - 0 runs, 0 hits, 0 errors, 0 left on base; New Orleans 5 - Portland 1 |
| BOTTOM OF THE 6TH |
|
Portland Stag batting - Pitching for New Orleans Brass : RHP Brian Holman
|
|
Batting: RHB Jeff Kunkel
|
0-0: Ball 1-0: Ball 2-0: Swinging Strike 2-1: Foul Ball, location: 2F 2-2: Strikes out swinging
|
|
Batting: LHB Mark P Johnson
|
0-0: Ball 1-0: Foul Ball, location: 2F 1-1: Ball 2-1: Foul Ball, location: 2F 2-2: Ball 3-2: Base on Balls
|
|
Batting: RHB Wes Chamberlain
|
0-0: Called Strike 0-1: Ball 1-1: Fly out, F9 (Flyball, 89S, EV 96.9 MPH)
|
|
Batting: RHB Chris Widger
|
0-0: Ball 1-0: Ball 2-0: Foul Ball, location: 2F 2-1: Called Strike 2-2: Ball Mark P Johnson steals 2nd base 3-2: Strikes out swinging
|
| Bottom of the 6th over - 0 runs, 0 hits, 0 errors, 1 left on base; New Orleans 5 - Portland 1 |
| TOP OF THE 7TH |
|
New Orleans Brass batting - Pitching for Portland Stag : RHP Gary Haught
|
|
Batting: RHB Scott Brosius
|
0-0: Ball 1-0: Fly out, F7 (Flyball, 7D, EV 100.0 MPH)
|
|
Batting: SHB Jose L Cruz
|
0-0: Ball 1-0: Called Strike 1-1: Ground out 4-3 (Groundball, 34, EV 100.6 MPH)
|
|
Batting: RHB Carmelo Martinez
|
0-0: Ball 1-0: Ball 2-0: Ball 3-0: Called Strike 3-1: Base on Balls
|
|
Pitching: RHP Ron Blazier
|
|
|
Batting: SHB Jose Vidro
|
0-0: Called Strike 0-1: Ball 1-1: Foul Ball, location: 2F 1-2: Strikes out swinging
|
| Top of the 7th over - 0 runs, 0 hits, 0 errors, 1 left on base; New Orleans 5 - Portland 1 |
| BOTTOM OF THE 7TH |
|
Portland Stag batting - Pitching for New Orleans Brass : RHP Brian Holman
|
|
Batting: RHB Alex S Gonzalez
|
0-0: Swinging Strike 0-1: Called Strike 0-2: Ball 1-2: Strikes out swinging
|
|
Batting: RHB Josh Booty
|
0-0: Ball 1-0: Called Strike 1-1: Fly out, F3 (Popup, 3SF, EV 71.3 MPH)
|
|
Batting: LHB Yoshinobu Takahashi
|
0-0: Foul Ball, location: 2F 0-1: Ball 1-1: Ground out 5-3 (Groundball, 5S, EV 68.8 MPH)
|
| Bottom of the 7th over - 0 runs, 0 hits, 0 errors, 0 left on base; New Orleans 5 - Portland 1 |
| TOP OF THE 8TH |
|
New Orleans Brass batting - Pitching for Portland Stag : RHP Ron Blazier
|
|
Batting: LHB Greg Myers
|
0-0: SOLO HOME RUN (Flyball, 9D, EV 95.0 MPH), Distance : 385 ft
|
|
Batting: SHB Wilson Delgado
|
0-0: Called Strike 0-1: Ball 1-1: SINGLE (Line Drive, 8RS, EV 103.8 MPH)
|
|
Batting: RHB Luis Ordaz
|
0-0: Foul Ball, location: 2F 0-1: Swinging Strike 0-2: Ball 1-2: Ball 2-2: SINGLE (Groundball, 6MD, EV 111.3 MPH) Wilson Delgado to second
|
|
Batting: SHB Cecil Espy
|
0-0: Ball 1-0: Fly out, F7 (Line Drive, 7, EV 103.8 MPH)
|
|
Batting: SHB Ruben Sierra
|
0-0: Fly out, F8 (Flyball, 78M, EV 85.6 MPH)
|
|
Batting: RHB Scott Brosius
|
0-0: Ball 1-0: Ball 2-0: Called Strike 2-1: Called Strike 2-2: Ball 3-2: Fly out, F8 (Flyball, 89M, EV 92.5 MPH)
|
| Top of the 8th over - 1 run, 3 hits, 0 errors, 2 left on base; New Orleans 6 - Portland 1 |
| BOTTOM OF THE 8TH |
|
Portland Stag batting - Pitching for New Orleans Brass : RHP Brian Holman
|
|
Batting: SHB Jose Vizcaino
|
0-0: Called Strike 0-1: Ball 1-1: SINGLE (Groundball, 4D, EV 95.0 MPH)
|
|
Batting: RHB Fernando Tatis
|
0-0: Fly out, F8 (Line Drive, 8LM, EV 96.9 MPH)
|
|
Batting: RHB Jeff Kunkel
|
0-0: Called Strike 0-1: DOUBLE (Flyball, 89XD, EV 93.1 MPH) Jose Vizcaino to third
|
|
Batting: LHB Mark P Johnson
|
0-0: Called Strike 0-1: Ball 1-1: SINGLE (Flyball, 8RS, EV 85.0 MPH) - OUT at second base trying to stretch hit. Jose Vizcaino scores Jeff Kunkel scores
|
|
Batting: RHB Wes Chamberlain
|
0-0: Ball 1-0: Ball 2-0: Ground out U3 (Groundball, 34, EV 83.8 MPH)
|
| Bottom of the 8th over - 2 runs, 3 hits, 0 errors, 0 left on base; New Orleans 6 - Portland 3 |
| TOP OF THE 9TH |
|
New Orleans Brass batting - Pitching for Portland Stag : RHP Ron Blazier
|
|
Pitching: RHP Kerry Ligtenberg
|
|
|
Batting: SHB Jose L Cruz
|
0-0: Called Strike 0-1: Swinging Strike 0-2: Ball 1-2: Strikes out looking
|
|
Batting: RHB Carmelo Martinez
|
0-0: Ball 1-0: Called Strike 1-1: Swinging Strike 1-2: Ball 2-2: Fly out, F9 (Flyball, 9LMF, EV 85.0 MPH)
|
|
Batting: SHB Jose Vidro
|
0-0: Foul Ball, location: 2F 0-1: Foul Ball, location: 2F 0-2: Foul Ball, location: 2F 0-2: SINGLE (Groundball, 56S, EV 70.6 MPH) (infield hit)
|
|
Batting: LHB Greg Myers
|
0-0: Foul Ball, location: 2F 0-1: Ball 1-1: DOUBLE (Line Drive, 3D, EV 98.8 MPH) Jose Vidro to third
|
|
Batting: SHB Wilson Delgado
|
0-0: Ball 1-0: Called Strike 1-1: Ball 2-1: Foul Ball, location: 2F 2-2: Foul Ball, location: 2F 2-2: Strikes out looking
|
| Top of the 9th over - 0 runs, 2 hits, 0 errors, 2 left on base; New Orleans 6 - Portland 3 |
| BOTTOM OF THE 9TH |
|
Portland Stag batting - Pitching for New Orleans Brass : RHP Brian Holman
|
|
Batting: RHB Chris Widger
|
0-0: Fly out, F9 (Flyball, 9S, EV 84.4 MPH)
|
|
Batting: RHB Alex S Gonzalez
|
0-0: Foul Ball, location: 2F 0-1: Fly out, F9 (Line Drive, 9, EV 85.6 MPH)
|
|
Batting: RHB Josh Booty
|
0-0: Called Strike 0-1: Ball 1-1: Ground out U3 (Groundball, 3, EV 104.4 MPH)
|
| Bottom of the 9th over - 0 runs, 0 hits, 0 errors, 0 left on base; New Orleans 6 - Portland 3 |
|